 Dungeon Crawl Stone Soup version 0.19-a0-1827-g174f941 (webtiles) character file.

583 xeno23 the Grasshopper (level 7, -4/49 HPs)
             Began as a High Elf Warper on Oct 7, 2016.
             Was an Initiate of Fedhas.
             Slain by an orc warrior
             ... wielding a +0 dire flail
              (12 damage)
             ... on level 7 of the Dungeon.
             The game lasted 00:31:49 (5928 turns).

xeno23 the Grasshopper (High Elf Warper)            Turns: 5928, Time: 00:31:50

Health: -4/49      AC:  7    Str: 12    XL:     7   Next: 14%
Magic:  17/21      EV: 11    Int: 18    God:    Fedhas [......]
Gold:   266        SH:  0    Dex: 14    Spells: 3 memorised, 5 levels left

rFire  + . .     SeeInvis .     B - +1 dagger (elec)
rCold  . . .     Gourm    .     z - +1 scale mail of Guetrum {rF+ MR+}
rNeg   . . .     Faith    .     (no shield)
rPois  .         Spirit   .     (helmet restricted)
rElec  .         Dismiss  .     (no cloak)
rCorr  .         Reflect  .     (no gloves)
MR     +....     Harm     .     (no boots)
Stlth  ..........               (no amulet)
                                (no ring)
                                g - ring of magical power

@: very slightly contaminated, drained
A: horns 1, deterioration 1, wild magic 1
a: Renounce Religion


You were on level 7 of the Dungeon.
You worshipped Fedhas.
Fedhas was noncommittal.
You were hungry.

You visited 1 branch of the dungeon, and saw 7 of its levels.

You collected 266 gold pieces.

Inventory:

Hand Weapons
 h - a +2 short sword of protection
 v - a +0 long sword
 B - a +1 dagger of electrocution (weapon)
 G - a +4 flail of venom
Missiles
 C - 5 silver tomahawks (quivered)
 E - a tomahawk
Armour
 l - a +0 chain mail of poison resistance
 x - a steam dragon hide
 z - the +1 scale mail of Guetrum (worn) {rF+ MR+}
   (You found it on level 5 of the Dungeon)

   It protects you from fire.
   It affects your resistance to hostile enchantments.
Jewellery
 g - a ring of magical power (left hand)
Wands
 e - a wand of random effects (26/48)
 q - a wand of digging (11/24)
Scrolls
 a - a scroll of identify
 b - a scroll of amnesia {unknown}
 d - a scroll of blinking
 k - 2 scrolls of remove curse
 p - a scroll of enchant weapon {unknown}
 u - a scroll of recharging {unknown}
 y - a scroll of enchant armour {unknown}
 A - a scroll of vulnerability {unknown}
 D - a scroll of fear {unknown}
Potions
 i - a potion of ambrosia
 m - a potion of haste
 n - a potion of agility {unknown}
 o - 2 potions of heal wounds
 s - a potion of lignification {unknown}
 t - 2 potions of curing
Books
 c - a book of Spatial Translocations

   Spells                             Type                      Level
   a - Blink                          Translocation                2
   b - Shroud of Golubria             Charms/Translocation         2
   c - Lesser Beckoning               Translocation                3
   d - Portal Projectile              Translocation                3
   e - Teleport Other                 Translocation                3
   f - Passage of Golubria            Translocation                4
 w - a book of Conjurations

   Spells                             Type                      Level
   a - Magic Dart                     Conjuration                  1
   b - Searing Ray                    Conjuration                  2
   c - Dazzling Spray                 Conjuration/Hexes            3
   d - Fulminant Prism                Conjuration/Hexes            4
   e - Iskenderun's Mystic Blast      Conjuration                  4
   f - Iskenderun's Battlesphere      Conjuration/Charms           5
Comestibles
 f - 3 bread rations
 j - 3 meat rations
 r - a slice of pizza


   Skills:
 + Level 4.8(4.6) Fighting
 - Level 2.4(2.1) Short Blades
 - Level 1.0(0.7) Throwing
 - Level 0.8(0.6) Armour
 + Level 5.2(4.9) Dodging
 - Level 3.1(2.9) Spellcasting
 - Level 0.5(0.3) Charms
 + Level 5.3(5.1) Translocations


You had 5 spell levels left.
You knew the following spells:

 Your Spells              Type           Power        Failure   Level  Hunger
a - Portal Projectile     Tloc           ####..       47%         3    ###....
g - Blink                 Tloc           N/A          28%         2    ##.....
s - Shroud of Golubria    Chrm/Tloc      ###.......   63%         2    ##.....


Dungeon Overview and Level Annotations

Branches:
Dungeon (7/15)
 Temple: D:4-7

Altars:
Fedhas
Qazlal
Sif Muna
Trog
Vehumet
Xom

Shops:
D:5 (*[

Annotations:
D:5 Edmund, Grinder, Sigmund


Innate Abilities, Weirdness & Mutations

You have a pair of small horns on your head.
Your body sometimes deteriorates upon taking damage.
Your spells are a little harder to cast, but a little more powerful.


Message History

a dagger; a leather armour; a robe; an orc skeleton x2
Things that are here:
a whip; a chain mail
Casting: Shroud of Golubria
Confirm with . or Enter, or press ? or * to list all spells.
You miscast Blink.
The air around you crackles with energy!
The orc warrior hits you with a dire flail!
* * * LOW HITPOINT WARNING * * *
You take 14 damage.
Unknown command.
Casting: Blink
Confirm with . or Enter, or press ? or * to list all spells.
You blink.
The orc hits you with a club.
* * * LOW HITPOINT WARNING * * *
You take 3 damage.
The orc warrior hits you with a dire flail!
You die...
Fedhas appreciates your contribution to the ecosystem.

##############
###
....[........#
#.#
############.#
#.#
#.########'######
#.#.............#
####
#.#.............#
...####
#.'..@oo..(.....#
.......
###.............#
##.#
#.............#
##.#
#.......).....#
##.# #.#
####'###)######
##.# #.# #.# #)#
##.# #.# #.# #.#
##.# #.# #.# #.#
##.# #.# #.# #)#


You could see an orc warrior and an orc.

Vanquished Creatures
  A steam dragon (D:7)
  A scorpion (D:7)
  A howler monkey (D:7)
  2 orc wizards
  An orc priest (D:3)
  A bullfrog skeleton (D:4)
  A worker ant (D:4)
  A howler monkey zombie (D:6)
  A worker ant zombie (D:3)
  9 adders
  4 gnolls (D:4)
  An ooze (D:1)
  A worm (D:4)
  3 dart slugs
  6 leopard geckos
  13 orcs
  6 giant cockroaches
  4 goblins
  3 hobgoblins
  5 kobolds
  A quokka (D:4)
  6 bats
  3 frilled lizards
  5 rats
80 creatures vanquished.

Vanquished Creatures (others)
  An orc wizard (D:4)
  A worm (D:2)
  A ball python (D:7)
  3 toadstools (D:7)
6 creatures vanquished.

Grand Total: 86 creatures vanquished

Notes
Turn   | Place    | Note
-------+----------+-------------------------------------------
     0 | D:1      | xeno23 the High Elf Warper began the quest for the Orb.
     0 | D:1      | Reached XP level 1. HP: 14/14 MP: 4/4
   124 | D:1      | Reached XP level 2. HP: 20/20 MP: 6/6
   131 | D:1      | Learned a level 2 spell: Shroud of Golubria
   134 | D:1      | Learned a level 2 spell: Blink
   951 | D:2      | Reached XP level 3. HP: 25/25 MP: 7/7
  1359 | D:2      | Found a radiant altar of Vehumet.
  1423 | D:2      | Found a deep blue altar of Sif Muna.
  1424 | D:2      | Found a blossoming altar of Fedhas.
  1482 | D:2      | Found a bloodstained altar of Trog.
  1551 | D:2      | Found a shimmering altar of Xom.
  1623 | D:3      | Reached XP level 4. HP: 31/31 MP: 8/8
  1651 | D:3      | Learned a level 3 spell: Portal Projectile
  2062 | D:3      | Found a faded altar of an unknown god.
  2136 | D:3      | Reached XP level 5. HP: 36/36 MP: 10/10
  3275 | D:4      | Reached XP level 6. HP: 32/43 MP: 11/11
  4031 | D:5      | Entered Level 5 of the Dungeon
  4114 | D:2      | Became a worshipper of Fedhas Madash
  4219 | D:5      | Noticed Edmund
  4257 | D:5      | Found Xeitinut's Antique Weapon Emporium.
  4257 | D:5      | Noticed Grinder
  4259 | D:5      | Noticed Sigmund
  4411 | D:5      | Found Xecisyog's Armour Shop.
  4436 | D:5      | Got a warped scale mail
  4447 | D:5      | Identified the cursed +1 scale mail of Guetrum {rF+ MR+} (You found it on level 5 of the Dungeon)
  4492 | D:5      | Found Jaawoc's General Store.
  4799 | D:5      | Gained mutation: Your body sometimes deteriorates upon taking damage. [potion of mutation]
  4799 | D:5      | Gained mutation: You have a pair of small horns on your head. [potion of mutation]
  4799 | D:5      | Gained mutation: Your spells are a little harder to cast, but a little more powerful. [potion of mutation]
  5021 | D:6      | Found a stormy altar of Qazlal.
  5196 | D:6      | Noticed an ice beast
  5258 | D:7      | Noticed a steam dragon
  5307 | D:7      | Killed a steam dragon
  5307 | D:7      | Reached skill level 5 in Dodging
  5307 | D:7      | Reached skill level 5 in Translocations
  5688 | D:7      | Reached XP level 7. HP: 22/49 MP: 12/12
  5928 | D:7      | Slain by an orc warrior

Vault maps used:
D:1:      scummos_arrival_gate, roderic_st_hans_cross
D:2:      marbit_many_paths, fiery_altar_vehumet,
          gammafunk_temple_overflow_pools, trog_butcher_becter
D:3:      ecumenical_altar_2
D:4:      first_bread, minivault_25, mrwooster_statue_mirror
D:5:      nicolae_overflow_hidden_temple, serial_shops, shop, shop, shop,
          kennysheep_little_box, uniq_sigmund, uniq_grinder, uniq_edmund
D:6:      old_standard_altar, serial_shops, shop

Skill      XL: |  1  2  3  4  5  6 |
---------------+-------------------+-----
Dodging        | 3 4 5 |  5.2
Fighting       | 3 4 |  4.8
Spellcasting   | 3 |  3.1
Translocations | 4 5 |  5.3
Short Blades   | |  2.4
Throwing       | |  1.0
Armour         | |  0.8
Charms         | |  0.5

Action                   |  1- 3 |  4- 6 |  7- 9 || total
-------------------------+-------+-------+-------++-------
Melee: Short sword       |   112 |   333 |     2 ||   447
       Headbutt          |       |     9 |     3 ||    12
       Dagger            |       |       |     6 ||     6
Throw: Tomahawk          |     2 |     3 |       ||     5
       Javelin           |     4 |    22 |       ||    26
 Cast: Shroud of Golubri |     8 |    10 |       ||    18
       Blink             |     4 |     6 |     1 ||    11
       Portal Projectile |       |     7 |       ||     7
Evoke: Wand              |       |     1 |       ||     1
  Use: Scroll            |       |     7 |       ||     7
       Potion            |       |     1 |       ||     1
 Stab: Sleeping          |     1 |       |       ||     1
       Distracted        |     1 |       |       ||     1
  Eat: Chunk             |     3 |    11 |     1 ||    15
       Royal jelly       |       |     1 |       ||     1
       Pizza             |       |     1 |       ||     1
Armor: Leather armour    |    29 |    66 |       ||    95
       Scale mail        |       |    44 |     1 ||    45
Dodge: Dodged            |    61 |   182 |     2 ||   245
